 Dungeon Crawl Stone Soup version 0.29-a0-113-g078de9bc30 (webtiles) character file.

Game seed: 16314668623864369102

10766 frimble the Frost Mage (level 11, -5/83 HPs)
             Began as a Gnoll Ice Elementalist on Feb 19, 2022.
             Was an Elder of Cheibriados.
             Slain by a skeletal warrior (24 damage)
             ... led by a skeletal warrior
             ... on level 11 of the Dungeon.
             The game lasted 00:14:55 (13540 turns).

frimble the Frost Mage (Gnoll Ice Elementalist)    Turns: 13540, Time: 00:14:56

Health: -5/83      AC: 19    Str: 22    XL:     11   Next: 67%
Magic:  18/23      EV: 21    Int: 25    God:    Cheibriados [****..]
Gold:   1920       SH:  0    Dex: 21    Spells: 19/26 levels left

rFire   + + .      SeeInvis .   q - +10 hand axe "Sighuype" {venom, rF+ Str+2}
rCold   . . .      Faith    .   (no shield)
rNeg    . . .      Spirit   .   b - +1 troll leather armour
rPois   .          Reflect  .   m - +1 helmet
rElec   .          Harm     .   y - +0 cloak
rCorr   .          Rampage  .   (no gloves)
Will    .....                   j - +1 pair of boots
Stlth   ++++......              (no amulet)
HPRegen 1.03/turn               d - ring of protection from fire
MPRegen 0.18/turn               l - +4 ring of evasion

@: ice-armoured, freezing walls, very slow
A: fangs 1, strong nose, distributed training
a: Renounce Religion, Bend Time, Temporal Distortion, Slouch


You were on level 11 of the Dungeon.
You worshipped Cheibriados.
Cheibriados was greatly pleased with you.
You visited 2 branches of the dungeon, and saw 12 of its levels.
You also visited: Bailey.

You collected 1920 gold pieces.

Inventory:

Hand Weapons
 h - a +3 dagger of draining
 q - the +10 hand axe "Sighuype" (weapon) {venom, rF+ Str+2}
   (You took it off a kobold in a bailey)

   It poisons the flesh of those it strikes.
   Str:       It affects your strength (+2).
   rF:        It protects you from fire.
Missiles
 C - 3 throwing nets
Armour
 b - a +1 troll leather armour (worn)
 j - a +1 pair of boots (worn)
 m - a +1 helmet (worn)
 y - a +0 cloak (worn)
 F - a +2 kite shield of protection
Jewellery
 d - a ring of protection from fire (left hand)
 l - a +4 ring of evasion (right hand)
 u - a ring of see invisible
 w - a +6 ring of intelligence
 E - a ring of resist corrosion
 I - a ring of fire
Wands
 x - a wand of mindburst (12)
 z - a wand of acid (2)
 G - a wand of digging (4)
 H - a wand of iceblast (3)
Scrolls
 a - 2 scrolls of holy word
 i - 2 scrolls of identify
 n - 3 scrolls of teleportation
 v - 3 scrolls of enchant weapon
 A - a scroll of magic mapping
 B - 3 scrolls of amnesia
 J - a scroll of fog
Potions
 c - a potion of lignification {unknown}
 e - a potion of might
 f - a potion of cancellation
 g - 3 potions of degeneration {unknown}
 k - a potion of brilliance
 o - 4 potions of attraction
 p - 2 potions of curing
 r - 2 potions of heal wounds
 s - 2 potions of flight
 t - 2 potions of magic {unknown}
 D - a potion of mutation {unknown}
 K - a potion of haste {unknown}


   Skills:
 + Level 6.5 Fighting
 + Level 6.5 Short Blades
 + Level 6.5 Long Blades
 + Level 6.5 Axes
 + Level 6.5 Maces & Flails
 + Level 6.5 Polearms
 + Level 6.5 Staves
 + Level 6.5 Slings
 + Level 6.5 Bows
 + Level 6.5 Crossbows
 + Level 6.5 Throwing
 + Level 6.5 Armour
 + Level 8.0 Dodging
 + Level 7.8 Stealth
 + Level 6.5 Shields
 + Level 6.5 Unarmed Combat
 + Level 8.3 Spellcasting
 + Level 5.4 Conjurations
 + Level 5.4 Hexes
 + Level 5.4 Summonings
 + Level 5.4 Necromancy
 + Level 5.4 Translocations
 + Level 5.4 Transmutations
 + Level 5.4 Fire Magic
 + Level 9.0 Ice Magic
 + Level 5.4 Air Magic
 + Level 5.4 Earth Magic
 + Level 5.4 Poison Magic
 + Level 7.1 Invocations
 + Level 6.5 Evocations


You had 19 spell levels left.
You knew the following spells:

 Your Spells              Type           Power      Damage    Failure   Level
a - Freeze                Ice            100%       1d11      1%          1
b - Frozen Ramparts       Ice            100%       1d12      1%          3
c - Ozocubu's Armour      Ice            54%        N/A       1%          3

Your spell library contained the following spells:

 Spells                   Type           Power      Damage    Failure   Level
 Animate Skeleton         Necr           74%        N/A       1%          1
 Foxfire                  Conj/Fire      100%       2x1d9     1%          1
 Magic Dart               Conj           100%       1d8       1%          1
 Pain                     Necr           100%       1d9       1%          1
 Slow                     Hex            100%       N/A       1%          1
 Summon Small Mammal      Summ           100%       N/A       1%          1
 Blink                    Tloc           74%        N/A       1%          2
 Call Imp                 Summ           37%        N/A       1%          2
 Corpse Rot               Necr/Air       74%        N/A       1%          2
 Poisonous Vapours        Pois/Air       74%        N/A       1%          2
 Sublimation of Blood     Necr           37%        N/A       1%          2
 Wereblood                Tmut           37%        N/A       1%          2
 Call Canine Familiar     Summ           37%        N/A       2%          3
 Confusing Touch          Hex            37%        N/A       2%          3
 Conjure Flame            Conj/Fire      37%        6-21      2%          3
 Inner Flame              Hex/Fire       37%        N/A       2%          3
 Mephitic Cloud           Conj/Pois/Air  37%        N/A       2%          3
 Summon Guardian Golem    Hex/Summ       37%        N/A       2%          3
 Vampiric Draining        Necr           37%        2d8       2%          3
 Hailstorm                Conj/Ice       46%        3d11      3%          4
 Animate Armour           Summ/Erth      74%        N/A       7%          4
 Flame Wave               Conj/Fire      37%        2d9       7%          4
 Metabolic Englaciation   Hex/Ice        23%        N/A       10%         5
 Agony                    Necr           37%        N/A       21%         5
 Manifold Assault         Tloc           37%        N/A       21%         5
 Simulacrum               Ice/Necr       23%        N/A       45%         6
 Storm Form               Tmut/Air       18%        N/A       99%         7
 Summon Hydra             Summ           18%        N/A       99%         7
 Death's Door             Necr           18%        N/A       100%        9


Dungeon Overview and Level Annotations

Branches:
Dungeon (11/15)            Temple (1/1) D:5            Lair (0/6) D:10
    Orc (0/2) D:10         Bailey (visited)

Altars:
Ashenzari
Cheibriados
Dithmenos
Elyvilon
Fedhas
Gozag
Hepliaklqana
Kikubaaqudgha
Makhleb
Nemelex Xobeh
Okawaru
Qazlal
Ru
Sif Muna
Trog
Uskayaw
Vehumet
Wu Jian
Xom
Yredelemnul
Zin
The Shining One
Beogh

Annotations:
D:8 3 runed translucent doors
D:9 3 runed translucent doors, siradein's ghost, novice DrFi


Innate Abilities, Weirdness & Mutations

You have very sharp teeth.
Your uncanny sense of smell can sniff out nearby items.
Your experience applies equally to all skills.


Message History

The skeletal warrior resists.
The wall freezes the skeletal warrior.
The skeletal warrior completely misses you.
You hit the skeletal warrior but do no damage.
The skeletal warrior is moderately damaged.
The skeletal warrior resists.
The wall freezes the skeletal warrior.
The skeletal warrior hits you with a +1 vorpal battleaxe!
You hit the skeletal warrior but do no damage.
The skeletal warrior is heavily damaged.
The skeletal warrior resists.
The wall freezes the skeletal warrior.
The skeletal warrior hits you with a +1 vorpal battleaxe!
You hit the skeletal warrior.
You punch the skeletal warrior, but do no damage.
The skeletal warrior is heavily damaged.
The skeletal warrior resists.
The wall freezes the skeletal warrior.
The skeletal warrior hits you with a +1 vorpal battleaxe!!
* * * LOW HITPOINT WARNING * * *
x2
Aiming: Corrosive Bolt
Press: ? - help, Shift-Dir - straight line, f - skeletal warrior
Aim: a skeletal warrior, wielding a +1 vorpal battleaxe (heavily damaged, 74% to hit)
The bolt of acid hits the skeletal warrior!
The skeletal warrior is severely damaged.
The skeletal warrior resists.
The wall freezes the skeletal warrior.
The skeletal warrior misses you.
Aiming: Corrosive Bolt
Press: ? - help, Shift-Dir - straight line, f/p - skeletal warrior
Aim: a skeletal warrior, wielding a +1 vorpal battleaxe (severely damaged, 74% to hit)
The bolt of acid hits the skeletal warrior.
The acid corrodes the skeletal warrior!
The skeletal warrior is severely damaged.
The skeletal warrior resists.
The wall freezes the skeletal warrior.
The skeletal warrior misses you.
Aiming: Corrosive Bolt
Press: ? - help, Shift-Dir - straight line, f/p - skeletal warrior
Aim: a skeletal warrior, wielding a +1 vorpal battleaxe (severely damaged, covered in acid, 74% to hit)
The bolt of acid hits the skeletal warrior!
The skeletal warrior seems to be corroded for longer.
The skeletal warrior is almost destroyed.
The skeletal warrior resists.
The wall freezes the skeletal warrior.
The skeletal warrior hits you with a +1 vorpal battleaxe!!
You die...

########################
.......................#
......###..............#
......###..............#
.......<...............#
.......................#
..(..........@.........#
+######+######z##......#
∆ .........#......#
.........#......#
.........#......#
.........'......#
.........#......#
.........#......#
.........#......#


You could see a skeletal warrior (corroded).

Vanquished Creatures
  Harold (D:8)
  A death yak (D:8)
  2 two-headed ogres (D:10)
  Pikel (D:7)
  An ugly thing (D:10)
  Maggie (D:7)
  2 trolls
  A hornet (D:9)
  3 slime creatures (D:8)
  2 shadows
  A wyvern (D:5)
  A yak (D:8)
  2 steam dragons
  An acid dragon (D:10)
  Duvessa (D:7)
  2 water moccasins (D:7)
  A black bear (D:6)
  7 orc warriors
  An ice beast (D:4)
  2 ogres
  A sky beast (D:7)
  3 necrophages
  4 wolves
  A lemure (D:7)
  A centaur (D:3)
  7 kobold brigands (Bailey)
  3 gnoll sergeants (D:9)
  A water moccasin zombie (D:5)
  4 scorpions
  A hornet simulacrum (D:8)
  A water moccasin skeleton (D:5)
  Dowan (D:7)
  A killer bee (D:8)
  4 howler monkeys (D:10)
  4 electric eels
  4 centaur zombies
  A bullfrog zombie (D:5)
  10 hounds
  4 jellies
  7 orc priests
  A bullfrog skeleton (D:7)
  Jessica (D:3)
  13 orc wizards
  3 iguanas
  A killer bee zombie (D:8)
  A hound zombie (D:5)
  2 howler monkey skeletons (D:7)
  16 gnolls
  3 adders
  5 white imps
  3 ufetubi
  An adder zombie (D:5)
  4 worms
  3 dart slugs
  25 orcs
  8 ball pythons
  4 endoplasms
  3 giant cockroaches (D:2)
  10 goblins
  5 hobgoblins
  6 jackals
  3 quokkas
  7 bats
  19 kobolds
  4 rats
248 creatures vanquished.

Vanquished Creatures (others)
  12 plants (D:5)
12 creatures vanquished.

Grand Total: 260 creatures vanquished

Notes
Turn   | Place    | Note
-------+----------+-------------------------------------------
     0 | D:1      | frimble the Gnoll Ice Elementalist began the quest for the
                  | Orb.
     0 | D:1      | Reached XP level 1. HP: 13/13 MP: 6/6
   196 | D:1      | Reached XP level 2. HP: 19/19 MP: 3/7
   950 | D:1      | Found a faded altar of an unknown god.
  1088 | D:1      | Reached XP level 3. HP: 23/25 MP: 9/9
  1096 | D:1      | Reached skill level 5 in Spellcasting
  1562 | D:2      | Reached skill level 1 in Invocations
  1860 | D:2      | Learned a level 3 spell: Frozen Ramparts
  1864 | D:2      | Learned a level 3 spell: Ozocubu's Armour
  1877 | D:2      | Found a hazy altar of Hepliaklqana.
  1954 | D:2      | Reached skill level 1 in Fighting
  1954 | D:2      | Reached skill level 1 in Short Blades
  1954 | D:2      | Reached skill level 1 in Long Blades
  1954 | D:2      | Reached skill level 1 in Axes
  1954 | D:2      | Reached skill level 1 in Maces & Flails
  1954 | D:2      | Reached skill level 1 in Polearms
  1954 | D:2      | Reached skill level 1 in Staves
  1954 | D:2      | Reached skill level 1 in Slings
  1954 | D:2      | Reached skill level 1 in Bows
  1954 | D:2      | Reached skill level 1 in Crossbows
  1954 | D:2      | Reached skill level 1 in Throwing
  1954 | D:2      | Reached skill level 1 in Armour
  1954 | D:2      | Reached skill level 1 in Shields
  1954 | D:2      | Reached skill level 1 in Unarmed Combat
  1954 | D:2      | Reached skill level 1 in Evocations
  2130 | D:2      | Reached XP level 4. HP: 17/32 MP: 6/11
  2866 | D:3      | Noticed a centaur
  2872 | D:3      | Reached skill level 1 in Conjurations
  2872 | D:3      | Reached skill level 1 in Hexes
  2872 | D:3      | Reached skill level 1 in Summonings
  2872 | D:3      | Reached skill level 1 in Necromancy
  2872 | D:3      | Reached skill level 1 in Translocations
  2872 | D:3      | Reached skill level 1 in Transmutations
  2872 | D:3      | Reached skill level 1 in Fire Magic
  2872 | D:3      | Reached skill level 1 in Air Magic
  2872 | D:3      | Reached skill level 1 in Earth Magic
  2872 | D:3      | Reached skill level 1 in Poison Magic
  2873 | D:3      | HP: 1/32 [centaur/arrow (6)]
  2873 | D:3      | Killed a centaur
  2874 | D:3      | Reached XP level 5. HP: 2/37 MP: 5/12
  3205 | D:3      | Noticed Jessica
  3212 | D:3      | Killed Jessica
  3568 | D:3      | Reached XP level 6. HP: 41/44 MP: 6/13
  4292 | D:4      | Reached skill level 5 in Dodging
  5014 | D:4      | Reached XP level 7. HP: 50/50 MP: 15/15
  5337 | D:5      | Entered Level 5 of the Dungeon
  5622 | D:5      | Reached skill level 5 in Stealth
  5821 | D:5      | Noticed a wyvern
  5829 | D:5      | Killed a wyvern
  5830 | D:5      | Reached XP level 8. HP: 57/57 MP: 9/16
  6511 | D:5      | Found a staircase to the Ecumenical Temple.
  6796 | Temple   | Entered the Ecumenical Temple
  7157 | Temple   | Became a worshipper of Cheibriados the Contemplative
  7517 | D:6      | Reached XP level 9. HP: 65/65 MP: 18/18
  8342 | D:7      | Reached skill level 8 in Ice Magic
  8376 | D:7      | Found a flagged portal.
  8376 | D:7      | Noticed Pikel
  8385 | D:7      | Reached * piety under Cheibriados
  8387 | D:7      | Killed Pikel
  8395 | D:7      | Reached skill level 5 in Invocations
  8401 | Bailey   | Entered a bailey
  8599 | Bailey   | Identified the +10 hand axe "Sighuype" {venom, rF+ Str+2}
  8708 | Bailey   | Reached XP level 10. HP: 73/73 MP: 20/20
  8710 | Bailey   | Found a burning altar of Makhleb.
  8726 | Bailey   | Reached skill level 5 in Fighting
  8726 | Bailey   | Reached skill level 5 in Short Blades
  8726 | Bailey   | Reached skill level 5 in Long Blades
  8726 | Bailey   | Reached skill level 5 in Axes
  8726 | Bailey   | Reached skill level 5 in Maces & Flails
  8726 | Bailey   | Reached skill level 5 in Polearms
  8726 | Bailey   | Reached skill level 5 in Staves
  8726 | Bailey   | Reached skill level 5 in Slings
  8726 | Bailey   | Reached skill level 5 in Bows
  8726 | Bailey   | Reached skill level 5 in Crossbows
  8726 | Bailey   | Reached skill level 5 in Throwing
  8726 | Bailey   | Reached skill level 5 in Armour
  8726 | Bailey   | Reached skill level 5 in Shields
  8726 | Bailey   | Reached skill level 5 in Unarmed Combat
  8726 | Bailey   | Reached skill level 5 in Evocations
  9364 | D:7      | Noticed Duvessa
  9366 | D:7      | Noticed Dowan
  9374 | D:7      | Killed Duvessa
  9383 | D:7      | Killed Dowan
  9527 | D:7      | Noticed Maggie
  9539 | D:7      | Killed Maggie
  9940 | D:8      | Reached ** piety under Cheibriados
 10226 | D:8      | You fall into a shaft and drop 1 floor!
 10798 | D:8      | Noticed Harold
 10811 | D:8      | Killed Harold
 10812 | D:8      | Reached XP level 11. HP: 57/81 MP: 16/22
 10836 | D:8      | Reached *** piety under Cheibriados
 11022 | D:8      | Found a runed translucent gate.
 11022 | D:8      | Found a runed translucent gate.
 11022 | D:8      | Found a runed translucent gate.
 11199 | D:8      | Noticed a green ugly thing
 11199 | D:8      | Noticed a red ugly thing
 11266 | D:8      | Noticed a white ugly thing
 11333 | D:8      | Noticed a death yak
 11348 | D:8      | Killed a death yak
 11349 | D:8      | Reached skill level 5 in Conjurations
 11349 | D:8      | Reached skill level 5 in Hexes
 11349 | D:8      | Reached skill level 5 in Summonings
 11349 | D:8      | Reached skill level 5 in Necromancy
 11349 | D:8      | Reached skill level 5 in Translocations
 11349 | D:8      | Reached skill level 5 in Transmutations
 11349 | D:8      | Reached skill level 5 in Fire Magic
 11349 | D:8      | Reached skill level 5 in Air Magic
 11349 | D:8      | Reached skill level 5 in Earth Magic
 11349 | D:8      | Reached skill level 5 in Poison Magic
 11729 | D:8      | Identified a scroll of acquirement
 11729 | D:8      | Acquired a +2 kite shield of protection
 11975 | D:9      | Found a runed translucent gate.
 11975 | D:9      | Found a runed translucent gate.
 11975 | D:9      | Found a runed translucent gate.
 11982 | D:9      | Noticed siradein's ghost (novice DrFi)
 12253 | D:10     | Entered Level 10 of the Dungeon
 12276 | D:10     | Found a staircase to the Orcish Mines.
 12333 | D:10     | Noticed a two-headed ogre
 12342 | D:10     | HP: 2/81 [something (31)]
 12359 | D:10     | Killed a two-headed ogre
 12636 | D:10     | Found a staircase to the Lair.
 12722 | D:10     | Reached **** piety under Cheibriados
 12751 | D:10     | Got the Catalogue of Stones and Evil
 12934 | D:10     | Noticed a two-headed ogre
 12943 | D:10     | Killed a two-headed ogre
 12944 | D:10     | Reached skill level 9 in Ice Magic
 13020 | D:10     | Found a shadowy altar of Dithmenos.
 13078 | D:10     | Noticed a purple ugly thing
 13095 | D:10     | Killed a purple ugly thing
 13519 | D:11     | Noticed a skeletal warrior
 13540 | D:11     | Slain by a skeletal warrior

Illustrated notes

Levels and vault maps discovered:
D:1:      dpeg_arrival_brainrot, layout_basic,
          shapermc_ecumenical_altar_mp_vishouse
D:2:      layout_loops_ring, basic_altar, kennysheep_generic_room_5
D:3:      layout_basic, uniq_jessica
D:4:      layout_loops_cross
D:5:      layout_loops_corners, minmay_temple_entry_offerings,
          chequers_big_river
D:6:      layout_loops_cross, hangedman_decor_opposing
D:7:      layout_basic, enter_bailey_3, serial_aquarium,
          aquarium_bridge_island_small [aquarium_subvault_small_water,
          aquarium_subvault_bridge, aquarium_subvault_bridge,
          aquarium_subvault_bridge, aquarium_subvault_wall],
          aquarium_window_fake, aquarium_window_corner, aquarium_view_2e,
          aquarium_view_2c, aquarium_pool_2, kennysheep_generic_room_16,
          uniq_maggie, uniq_duvessa, uniq_pikel
D:8:      layout_basic, ploomutoo_gammafunk_ghost_potion_laboratory, serial_ice,
          serial_ice_j, serial_ice_n, serial_ice_h, serial_ice_a, serial_ice_d,
          serial_ice_m, serial_ice_b, kennysheep_generic_room_2, uniq_harold
D:9:      layout_basic, ebering_ghost_rock_garden
D:10:     layout_grid_maze, nicolae_overflow_crystal_walls, erik_lair_island,
          minmay_orc_entry_temple_small
D:11:     layout_stronghold, minivault_22, uniq_maurice
Temple:   mainiacjoe_temple_trianglar_array

Skill      XL: |  1  2  3  4  5  6  7  8  9 10 11 |
---------------+----------------------------------+-----
Spellcasting   | 5 6 7 8 |  8.3
Invocations    | 1 2 3 4 5 6 7 |  7.1
Fighting       | 1 2 3 4 5 6 |  6.5
Short Blades   | 1 2 3 4 5 6 |  6.5
Long Blades    | 1 2 3 4 5 6 |  6.5
Axes           | 1 2 3 4 5 6 |  6.5
Maces & Flails | 1 2 3 4 5 6 |  6.5
Polearms       | 1 2 3 4 5 6 |  6.5
Staves         | 1 2 3 4 5 6 |  6.5
Slings         | 1 2 3 4 5 6 |  6.5
Bows           | 1 2 3 4 5 6 |  6.5
Crossbows      | 1 2 3 4 5 6 |  6.5
Throwing       | 1 2 3 4 5 6 |  6.5
Armour         | 1 2 3 4 5 6 |  6.5
Shields        | 1 2 3 4 5 6 |  6.5
Unarmed Combat | 1 2 3 4 5 6 |  6.5
Evocations     | 1 2 3 4 5 6 |  6.5
Conjurations   | 1 2 3 4 5 |  5.4
Hexes          | 1 2 3 4 5 |  5.4
Summonings     | 1 2 3 4 5 |  5.4
Necromancy     | 1 2 3 4 5 |  5.4
Translocations | 1 2 3 4 5 |  5.4
Transmutations | 1 2 3 4 5 |  5.4
Fire Magic     | 1 2 3 4 5 |  5.4
Air Magic      | 1 2 3 4 5 |  5.4
Earth Magic    | 1 2 3 4 5 |  5.4
Poison Magic   | 1 2 3 4 5 |  5.4
Dodging        | 5 6 7 8 |  8.0
Stealth        | 5 6 7 |  7.8
Ice Magic      | 8 9 |  9.0

Action                   |  1- 3 |  4- 6 |  7- 9 | 10-12 || total
-------------------------+-------+-------+-------+-------++-------
Melee: Unarmed           |   102 |    57 |       |       ||   159
       Bite              |    14 |     8 |    34 |    32 ||    88
       Punch             |     1 |     1 |    12 |    16 ||    30
       Dagger            |       |    68 |   273 |       ||   341
       Hand axe          |       |       |       |   248 ||   248
 Cast: Freeze            |    44 |     1 |       |       ||    45
       Frozen Ramparts   |       |     5 |    19 |    10 ||    34
       Ozocubu's Armour  |       |     3 |     7 |    11 ||    21
Invok: Bend Time         |       |       |       |     1 ||     1
Evoke: Wand              |       |       |     1 |     8 ||     9
  Use: Scroll            |     1 |     3 |     6 |    11 ||    21
       Potion            |       |       |       |     3 ||     3
 Stab: Sleeping          |     7 |     8 |    10 |     8 ||    33
Armor: Robe              |    17 |    32 |    34 |       ||    83
       Steam dragon scal |       |       |    22 |    54 ||    76
       Troll leather arm |       |       |       |    13 ||    13
       Skin              |       |       |       |     2 ||     2
Dodge: Dodged            |    81 |    89 |   212 |   294 ||   676

Table legend: (Time is in decaauts)
 A = Elapsed time spent in this place.
 B = Non-inter-level travel time spent in this place.
 C = Inter-level travel time spent in this place.
 D = Time resting spent in this place.
 E = Time spent auto-exploring this place.
 F = Levels seen in this place.
 G = Mean time per level.
                   A        B        C        D        E       F      G
               +--------+--------+--------+--------+--------+-----+--------+
         Total |  15367 |  14839 |    528 |     60 |  12533 |  13 | 1182.1 |
       Dungeon |  14276 |  13809 |    467 |      0 |  11733 |  11 | 1297.8 |
        Temple |    400 |    340 |     60 |      0 |    337 |   1 |  400.0 |
        Bailey |    690 |    690 |      0 |     60 |    463 |   1 |  690.0 |
               +--------+--------+--------+--------+--------+-----+--------+

Top non-repeatable levels by time:
    D:10: 1795 daAuts
     D:8: 1670 daAuts
     D:1: 1524 daAuts
     D:5: 1481 daAuts
     D:3: 1474 daAuts
     D:9: 1360 daAuts
     D:7: 1339 daAuts
     D:2: 1252 daAuts
     D:6: 1221 daAuts
     D:4: 1072 daAuts
  Bailey: 690 daAuts
  Temple: 400 daAuts
    D:11: 84 daAuts
